Map: 필러스 오브 골드 - 래더

Players

Zest - Winner!

  • Race: Protoss Protoss
  • Spawn Location: 1:00

Reynor

  • Race: Zerg Zerg
  • Spawn Location: 7:00

Event: StayAtHomestory Cup #2

VOD

https://youtu.be/CHzUop4WP0A?t=1322

Description

Time

  • Played on: June 12, 2020, 2:24 p.m.
  • Length: 14:26

All games in this series

Show
View Real Time Build Order
Export as new Build Order

Zest Protoss - Winner!

Build Orders: 1 Gate Expand, Archon Immortal, Mass Adepts 

Get SALT Encoding   

  12  0:00  Probe  
  13  0:13  Probe  
  14  0:20  Pylon  
  14  0:25  Probe  
  15  0:34  Probe  
  15  0:40  Gateway  
  15  0:42  Probe  
  17  0:51  Assimilator  
  17  0:53  Probe  
  18  1:05  Probe  
  19  1:17  Probe  
  20  1:27  Nexus  
  20  1:38  Cybernetics Core  
  20  1:41  Probe  
  20  1:45  Assimilator  
  21  1:53  Probe  
  22  1:56  Pylon  
  22  2:02  Probe  
  22  2:04  Adept  
  23  2:10  Probe  
  23  2:14  Warp Gate  
  26  2:19  Probe  
  27  2:25  Twilight Council  
  27  2:31  Probe  
  28  2:37  Stalker  
  28  2:41  Probe  
  28  2:44  Probe  
  32  2:54  Resonating Glaives, Robotics Facility  
  32  2:58  Probe  
  33  3:02  Probe  
  34  3:07  Gateway  
  34  3:16  Adept  
  36  3:28  Gateway  
  36  3:29  Gateway  
  36  3:31  Warp Prism  
  36  3:35  Probe  
  37  3:46  Pylon  
  37  3:48  Probe  
  40  3:50  Probe  
  41  4:00  Probe  
  41  4:02  Adept, Probe, Pylon  
  43  4:05  Adept  
  47  4:12  Pylon  
  47  4:14  Probe  
  47  4:15  Observer  
  49  4:27  Adept x4  
  57  4:34  Probe x2  
  59  4:50  Adept x4  
  65  4:54  Warp Prism  
  57  5:02  Probe x2  
  55  5:11  Adept x4  
  57  5:25  Probe x2  
  57  5:27  Observer  
  55  5:30  Dark Shrine  
  55  5:32  Adept x3  
  55  5:34  Adept  
  63  5:41  Assimilator  
  63  5:42  Assimilator  
  63  5:44  Pylon  
  63  5:52  Pylon  
  63  5:54  Adept x2  
  63  5:56  Adept  
  69  6:00  Warp Prism  
  69  6:18  Observer  
  61  6:25  Probe  
  58  6:35  Probe  
  58  6:37  Observer, Probe  
  56  6:45  Nexus  
  56  6:46  Pylon  
  56  6:51  Pylon  
  56  6:53  Probe x2  
  58  6:56  Dark Templar x4  
  66  7:05  Probe x2  
  68  7:12  Immortal  
  68  7:17  Probe  
  68  7:18  Probe  
  70  7:26  Blink  
  70  7:28  Forge  
  75  7:30  Probe x2  
  75  7:31  Archon x2  
  75  7:35  Protoss Ground Weapons Level 1  
  75  7:36  Sentry  
  78  7:38  Shield Battery  
  78  7:42  Probe x2, Pylon  
  80  7:44  Gateway  
  80  7:45  Gateway  
  80  7:46  Immortal  
  84  8:11  Observer  
  84  8:13  Observer  
  84  8:15  Gateway  
  84  8:16  Gateway  
  84  8:17  Sentry x2, Immortal  
  88  8:22  Probe  
  88  8:23  Probe x2  
  88  8:25  Pylon  
  95  8:30  Assimilator  
  95  8:35  Probe  
  95  8:36  Stalker  
  95  8:37  Stalker  
  100  8:42  Assimilator  
  100  8:44  Pylon  
  100  8:48  Immortal  
  100  8:56  Pylon  
  100  8:57  Probe x3  
  107  9:03  Observer  
  107  9:17  Stalker x4  
  107  9:18  Stalker x4  
  123  9:27  Photon Cannon  
  123  9:42  Stalker x7  
  123  9:45  Stalker  
  135  10:08  Stalker  
  135  10:09  Stalker x6  
  149  10:15  Pylon  
  149  10:16  Pylon  
  149  10:18  Observer  
  145  10:34  Protoss Ground Weapons Level 2  
  145  10:35  Charge  
  145  10:38  Immortal  
  145  10:42  Robotics Facility  
  145  10:46  Robotics Facility  
  145  10:48  Robotics Bay  
  149  10:58  Pylon  
  149  10:59  Pylon  
  149  11:01  Pylon  
  149  11:09  Immortal  
  153  11:27  Zealot  
  153  11:28  Zealot x7  
  153  11:29  Disruptor x2  
  175  11:47  Disruptor  
  178  11:54  Gravitic Boosters  
  178  12:02  Disruptor x2  
  178  12:03  Pylon  
  178  12:05  Pylon  
  184  12:11  Nexus  
  184  12:13  Pylon  
  184  12:18  Zealot x2  
  184  12:21  Disruptor  
  188  12:27  Disruptor  
  187  12:34  Observer  
  191  12:51  Photon Cannon  
  191  12:52  Photon Cannon  
  191  12:53  Observer  
  191  12:54  Photon Cannon  
  191  12:55  Observer  
  191  12:56  Photon Cannon  
  191  12:57  Shield Battery  
  193  12:58  Shield Battery  
  193  13:01  Stalker x3  
  193  13:20  Zealot x3  
  169  13:36  Disruptor x2  
  168  13:45  Stalker x8  
  137  14:17  Stalker x8  
Show
View Real Time Build Order
Export as new Build Order

Reynor Zerg 

Build Orders: Hatch First, Lurkers 

Get SALT Encoding   

  12  0:00  Drone  
  13  0:13  Drone  
  14  0:35  Hatchery  
  14  0:39  Drone  
  14  0:46  Overlord  
  14  0:52  Extractor  
  14  0:53  Drone  
  15  1:05  Drone x2  
  17  1:11  Drone  
  18  1:19  Extractor  
  18  1:24  Spawning Pool  
  16  1:26  Drone  
  17  1:33  Drone  
  18  1:44  Drone  
  19  1:47  Drone  
  21  1:54  Drone  
  21  2:04  Drone  
  21  2:05  Drone  
  23  2:09  Drone  
  23  2:11  Queen x2  
  28  2:18  Overlord  
  28  2:23  Extractor, Zergling x2  
  29  2:37  Drone  
  30  2:39  Hatchery  
  30  2:42  Drone  
  30  2:44  Drone  
  30  2:46  Drone  
  30  2:51  Metabolic Boost  
  32  2:54  Zergling x2  
  32  2:57  Drone  
  34  3:02  Zergling x2  
  34  3:04  Overlord  
  35  3:09  Drone  
  36  3:21  Queen, Overlord  
  36  3:23  Drone x3  
  36  3:24  Drone  
  36  3:26  Drone  
  43  3:34  Drone  
  43  3:38  Queen  
  43  3:39  Drone  
  47  3:45  Drone  
  48  3:48  Drone  
  48  3:51  Drone  
  48  3:53  Queen  
  48  3:55  Overlord  
  52  3:56  Zergling x6  
  52  4:00  Zergling x2  
  56  4:03  Zergling x2  
  56  4:05  Spine Crawler  
  56  4:07  Zergling x2  
  57  4:11  Zergling x2  
  57  4:13  Zergling x2, Roach Warren  
  58  4:17  Zergling x2  
  58  4:22  Zergling x2  
  61  4:24  Zergling x2  
  61  4:30  Zergling x6  
  61  4:31  Overlord  
  64  4:32  Zergling x4  
  64  4:46  Overlord  
  64  4:47  Zergling x4  
  64  4:51  Zergling x8  
  65  4:54  Zergling x4  
  65  4:59  Zergling x4  
  60  5:06  Queen  
  59  5:08  Spore Crawler  
  59  5:09  Drone x4  
  59  5:10  Drone  
  62  5:15  Drone  
  62  5:17  Lair  
  62  5:18  Spore Crawler  
  62  5:19  Drone  
  57  5:23  Drone  
  57  5:25  Drone  
  57  5:27  Drone  
  59  5:31  Spore Crawler  
  59  5:33  Roach  
  60  5:36  Roach  
  60  5:38  Roach  
  60  5:40  Roach  
  66  5:46  Roach x3  
  72  5:50  Roach x2  
  72  5:52  Overlord  
  76  5:59  Queen  
  77  6:05  Zergling x2  
  77  6:06  Zergling x4  
  77  6:09  Zergling x6  
  78  6:12  Roach  
  78  6:17  Drone x4  
  78  6:18  Drone  
  82  6:24  Drone  
  81  6:28  Drone  
  81  6:29  Evolution Chamber  
  79  6:34  Drone  
  79  6:36  Drone x3  
  79  6:39  Extractor  
  82  6:40  Drone  
  82  6:42  Extractor  
  82  6:43  Drone x2  
  82  6:44  Drone x3  
  82  6:47  Overlord  
  85  6:50  Drone  
  85  6:52  Drone  
  87  6:58  Drone  
  87  7:01  Overlord, Glial Reconstitution  
  88  7:03  Drone  
  89  7:09  Drone x2  
  89  7:11  Drone x3  
  89  7:13  Extractor  
  89  7:14  Drone x2  
  89  7:15  Drone  
  96  7:16  Extractor  
  96  7:19  Overseer  
  96  7:20  Overlord  
  95  7:23  Drone  
  95  7:27  Drone  
  95  7:29  Extractor  
  96  7:31  Drone x4  
  96  7:36  Zerg Missile Weapons Level 1  
  100  7:37  Drone x2  
  100  7:43  Roach  
  104  7:47  Overlord  
  104  7:50  Roach  
  106  7:55  Overlord  
  106  7:58  Spore Crawler  
  106  8:03  Hatchery  
  101  8:09  Roach x2  
  101  8:11  Drone  
  101  8:12  Spore Crawler  
  104  8:14  Roach x4  
  104  8:15  Overseer  
  104  8:16  Overlord  
  104  8:19  Hydralisk Den  
  111  8:22  Roach  
  111  8:24  Overlord  
  113  8:28  Overlord  
  113  8:34  Overlord  
  113  8:38  Drone x8  
  113  8:40  Overlord  
  121  8:44  Roach x2  
  121  8:46  Overlord  
  125  8:50  Queen  
  125  8:52  Muscular Augments  
  125  8:53  Overlord, Infestation Pit  
  125  8:55  Roach x3  
  132  8:59  Roach  
  132  9:02  Drone  
  135  9:06  Queen  
  136  9:11  Drone x3  
  136  9:15  Hydralisk x7  
  149  9:19  Evolution Chamber, Lurker Den  
  147  9:26  Hydralisk  
  147  9:27  Hydralisk  
  147  9:28  Spore Crawler  
  147  9:29  Drone x2, Spore Crawler  
  147  9:30  Drone  
  152  9:31  Drone  
  152  9:36  Zerg Missile Weapons Level 2  
  152  9:38  Hydralisk  
  153  9:39  Hydralisk  
  153  9:44  Ravager x2  
  159  9:46  Overlord  
  157  9:52  Ravager x3  
  157  9:55  Hydralisk  
  157  9:56  Zergling x16  
  160  10:07  Zerg Ground Armor Level 1  
  160  10:09  Hive  
  160  10:10  Grooved Spines  
  159  10:18  Zergling x18  
  164  10:24  Lurker x2  
  166  10:31  Lurker  
  166  10:32  Zergling x6  
  166  10:33  Overlord x2  
  166  10:34  Overlord  
  169  10:46  Hatchery  
  168  10:51  Lurker x2  
  168  10:56  Hydralisk x5  
  175  11:06  Hydralisk x2  
  175  11:07  Hydralisk  
  178  11:13  Zergling x20  
  178  11:15  Lurker  
  189  11:24  Overlord  
  189  11:26  Seismic Spines  
  189  11:37  Overlord  
  189  11:40  Extractor  
  189  11:46  Overseer  
  188  11:52  Drone x5  
  193  11:54  Extractor  
  193  12:00  Adrenal Glands  
  192  12:04  Hydralisk x2  
  192  12:05  Hydralisk  
  198  12:11  Extractor  
  195  12:21  Pneumatized Carapace  
  195  12:24  Hydralisk  
  195  12:25  Zergling x12  
  195  12:29  Viper  
  189  12:35  Viper  
  189  12:37  Drone x5  
  192  12:42  Queen  
  197  12:45  Lurker  
  197  12:51  Adaptive Talons  
  198  12:57  Hatchery  
  198  12:58  Hydralisk x3  
  196  13:14  Viper  
  190  13:23  Lurker x3  
  190  13:24  Zergling x12  
  190  13:25  Zergling x16, Hydralisk x4  
  178  13:43  Lurker x4  
  178  13:44  Zergling x10  
  178  13:46  Hydralisk  
  178  13:47  Zergling x2  
  188  13:54  Hatchery  
  161  13:56  Hydralisk  
  161  13:57  Zergling x4  
  161  13:59  Zergling x6  
  151  14:08  Zergling x2  
Tags
 
Add a new tag
Caveats
  • Supply blocks, unpowered buildings, or Contaminate may cause inaccurate times.
  • Supply counts are checked every 10 seconds.